 Dungeon Crawl Stone Soup version 0.31-a0-875-g02e7d12df6 (webtiles) character file.

Game seed: 6105068380502205223

56 AiryTheDragon the Magician (level 3, -4/26 HPs)
             Began as a Demonspawn Hedge Wizard on Oct 13, 2023.
             Slain by Terence
             ... wielding a +0 flail
              (11 damage)
             ... on level 2 of the Dungeon.
             The game lasted 00:12:41 (1177 turns).

AiryTheDragon the Magician (DsHW)                   Turns: 1177, Time: 00:12:41

Health: -4/26      AC:  4    Str: 10    XL:     3   Next: 71%
Magic:  5/8        EV: 11    Int: 15    God:
Gold:   48         SH:  0    Dex: 14    Spells: 4/9 levels left

rFire   . . .        a - +0 dagger
rCold   . . .        (no shield)
rNeg    . . .        m - +0 leather armour
rPois   .            c - +0 hat
rElec   .            (no cloak)
rCorr   .            (no gloves)
SInv    .            i - +0 pair of boots
Will    .....        (no amulet)
Stlth   ++           (no ring)
HPRegen 0.24/turn    (no ring)
MPRegen 0.11/turn

%: no passive effects
@: no status effects
A: horns 1
a: no special abilities


You were on level 2 of the Dungeon.
You visited 1 branch of the dungeon, and saw 2 of its levels.

You collected 48 gold pieces.

Inventory:

Hand Weapons
 a - a +0 dagger (weapon)
Missiles
 e - 4 poisoned darts
Armour
 b - a +0 robe
 c - a +0 hat (worn)
 i - a +0 pair of boots (worn)
 m - a +0 leather armour (worn)
Scrolls
 h - 2 scrolls of identify {unknown}
 k - 2 scrolls of poison {unknown}
 n - a scroll of brand weapon {unknown}
Potions
 d - a potion of magic
 f - 3 potions of enlightenment {unknown}
 g - a potion of degeneration {unknown}
 j - a potion of brilliance {unknown}
 l - a potion of haste {unknown}


   Skills:
 * Level 1.4 Fighting
 + Level 1.1 Short Blades
 + Level 2.0 Dodging
 + Level 1.9 Stealth
 + Level 3.6 Spellcasting
 + Level 1.0 Conjurations
 + Level 1.0 Summonings
 + Level 0.8 Translocations


You had 4 spell levels left.
You knew the following spells:

 Your Spells              Type           Power      Damage    Failure   Level
a - Magic Dart            Conj           20%        1d4       17%         1
b - Call Imp              Summ           10%        N/A       26%         2
c - Blink                 Tloc           10%        N/A       26%         2

Your spell library contained the following spells:

 Spells                   Type           Power      Damage    Failure   Level
 Slow                     Hex            8%         N/A       26%         1
 Cigotuvi's Dreadful Rot  Necr/Pois/Air  4%         N/A       36%         2
 Mephitic Cloud           Conj/Pois/Air  3%         N/A       54%         3


Dungeon Overview and Level Annotations

Branches:
Dungeon (2/15)

Altars:

Annotations:
D:2 Terence


Innate Abilities, Weirdness & Mutations

You have a pair of small horns on your head.


Message History

Terence hits you with a +0 flail.
You hit Terence but do no damage.
Terence is lightly wounded.
Your cerulean imp hits Terence but does no damage.
Terence misses you.
You hit Terence but do no damage.
Terence is lightly wounded.
Your cerulean imp hits Terence but does no damage.
Terence misses you.
You hit Terence but do no damage. You headbutt Terence.
Terence is moderately wounded.
Your cerulean imp hits Terence but does no damage.
Terence hits you with a +0 flail!
You barely miss Terence.
Terence is moderately wounded.
Your cerulean imp barely misses Terence.
Terence hits you with a +0 flail.
* * * LOW HITPOINT WARNING * * *
Casting: Call Imp (quite dangerous; 26% risk of failure)
Confirm with . or Enter, or press ? or * to list all spells.
Aiming: Magic Dart (safe; 17% risk of failure)
Press: ? - help, Shift-Dir - straight line, f - Terence
Aim: Terence, wielding a +0 flail and wearing a +0 chain mail (moderately wounded, ally target, 100% to hit)
The magic dart hits Terence but does no damage.
Terence is moderately wounded.
Your cerulean imp hits Terence but does no damage.
Terence completely misses you.
Casting: Magic Dart (safe; 17% risk of failure)
Confirm with . or Enter, or press ? or * to list all spells.
Aiming: Magic Dart (safe; 17% risk of failure)
Press: ? - help, Shift-Dir - straight line, f/p - Terence
Aim: Terence, wielding a +0 flail and wearing a +0 chain mail (moderately wounded, ally target, 100% to hit)
The magic dart hits Terence.
Terence is moderately wounded.
Your cerulean imp hits Terence but does no damage.
Terence closely misses you.
You swap places.
Your cerulean imp hits Terence but does no damage.
Terence hits you with a +0 flail!
You die...

#...##.......#
#.####......<#
#.####.#######
#####.5....#
.....)######
#####.#
...###.....#
#..@..#
.....#.ยง...#
#.### ...........#
#.@5# ...#.#.....#
###@# ..##.#.....#
#.# ..##.#######
#.# #.##.#######
#.# ...........#
#.# #.##.#####.#
#.# #.##.#####.#
#.# #.....)..#.#
#.#
####.###.#.#####.#


You could see Terence (ally target) and a friendly cerulean imp (summoned).

Vanquished Creatures
  4 dart slugs
  2 endoplasms
  4 giant cockroaches
  5 goblins
  5 hobgoblins
  2 quokkas
  3 bats (D:1)
  3 frilled lizards
  2 rats
30 creatures vanquished.

Vanquished Creatures (collateral kills)
  An adder (D:2)
  2 endoplasms
  A ball python (D:2)
  A bat (D:1)
5 creatures vanquished.

Grand Total: 35 creatures vanquished

Notes
Turn   | Place    | Note
-------+----------+-------------------------------------------
     0 | D:1      | AiryTheDragon the Demonspawn Hedge Wizard began the quest
                  | for the Orb.
     0 | D:1      | Reached XP level 1. HP: 13/13 MP: 4/4
   233 | D:1      | Gained mutation: You have a pair of small horns on your
                  | head. [demonic ancestry]
   233 | D:1      | Reached XP level 2. HP: 11/20 MP: 4/6
   390 | D:1      | Learned a level 2 spell: Call Imp
   393 | D:1      | Learned a level 2 spell: Blink
   437 | D:1      | Reached skill level 1 in Fighting
   663 | D:1      | Reached XP level 3. HP: 25/26 MP: 8/8
   978 | D:2      | Reached skill level 1 in Short Blades
  1165 | D:2      | Noticed Terence
  1177 | D:2      | Slain by Terence

Illustrated notes

Levels and vault maps discovered:
D:1:      co_arrival_random_square_maze, layout_loops_ring,
          minmay_three_crescents
D:2:      layout_loops_cross, uniq_terence

Skill      XL: |  1  2  3 |
---------------+----------+-----
Dodging        | 2 |  2.0
Fighting       | 1 |  1.4
Short Blades   | 1 |  1.1
Stealth        | |  1.9
Spellcasting   | |  3.6
Conjurations   | |  1.0
Summonings     | |  1.0
Translocations | |  0.8

Action                     || total
---------------------------++-------
  Melee: Dagger            ||    88
         Headbutt          ||    11
   Cast: Magic Dart        ||    15
         Call Imp          ||     6
   Stab: Sleeping          ||     9
 Armour: Robe              ||    41
         Leather armour    ||     7
  Dodge: Dodged            ||    65

Table legend: (Time is in decaauts)
 A = Elapsed time spent in this place.
 B = Non-inter-level travel time spent in this place.
 C = Inter-level travel time spent in this place.
 D = Time resting spent in this place.
 E = Time spent auto-exploring this place.
 F = Levels seen in this place.
 G = Mean time per level.
                   A        B        C        D        E       F      G
               +--------+--------+--------+--------+--------+-----+--------+
         Total |   1174 |   1120 |     54 |     60 |    791 |   2 |  587.0 |
       Dungeon |   1174 |   1120 |     54 |     60 |    791 |   2 |  587.0 |
               +--------+--------+--------+--------+--------+-----+--------+

Top non-repeatable levels by time:
     D:1: 887 daAuts
     D:2: 286 daAuts
